 Dungeon Crawl Stone Soup version 0.28-a0-533-g9f97627e2a (webtiles) character file.

Game seed: 4193065675626794793

7110 Malachi the Grappler (level 10, -6/88 HPs)
             Began as a Troll Monk on Sept 25, 2021.
             Was a High Priest of Vehumet.
             Mangled by a two-headed ogre (14 damage)
             ... on level 9 of the Dungeon.
             The game lasted 00:14:49 (7997 turns).

Malachi the Grappler (Troll Monk)                   Turns: 7997, Time: 00:14:51

Health: -6/88      AC: 11    Str: 21    XL:     10   Next: 85%
Magic:  9/9        EV: 11    Int:  9    God:    Vehumet [*****.]
Gold:   352        SH:  0    Dex: 12    Spells: 7/9 levels left

rFire   + . .      SeeInvis .     - Unarmed
rCold   + . .      Faith    .   (no shield)
rNeg    . . .      Spirit   .   J - +0 steam dragon scales
rPois   .          Reflect  .   K - +2 hat
rElec   .          Harm     .   y - +1 cloak {Stlth+}
rCorr   .          Rampage  .   (gloves unavailable)
Will    .....                   (boots unavailable)
Stlth   +++.......              v - amulet of magic regeneration
HPRegen 1.24/turn               z - ring of protection from cold
MPRegen 0.36/turn               H - ring of protection from fire

@: no status effects
A: large, unfitting armour, claws 3, regeneration 1, shaggy fur 1, tough skin 1
a: Renounce Religion


You were on level 9 of the Dungeon.
You worshipped Vehumet.
Vehumet was extremely pleased with you.
You visited 1 branch of the dungeon, and saw 9 of its levels.
You also visited: Sewer.

You collected 394 gold pieces.
You spent 42 gold pieces at shops.

Inventory:

Armour
 i - a +0 tower shield
 y - a +1 cloak of stealth (worn)
 J - +0 steam dragon scales (worn)
 K - a +2 hat (worn)
Jewellery
 a - a ring of wizardry
 v - an amulet of magic regeneration (around neck)
 z - a ring of protection from cold (left claw)
 A - a ring of fire
 E - a ring of resist corrosion
 H - a ring of protection from fire (right claw)
Wands
 j - a wand of flame (20)
 C - a wand of polymorph (9)
 D - a wand of acid (10)
Scrolls
 e - a scroll of blinking
 g - 6 scrolls of amnesia
 k - a scroll of fear
 m - 3 scrolls of enchant weapon
 n - 2 scrolls of magic mapping
 o - 3 scrolls of fog
 s - 3 scrolls of teleportation
 u - a scroll of silence {unknown}
 F - a scroll of enchant armour {unknown}
 G - a scroll of vulnerability {unknown}
 I - a scroll of identify
Potions
 b - 3 potions of might {unknown}
 c - 4 potions of curing
 d - 3 potions of mutation {unknown}
 f - 2 potions of flight {unknown}
 h - a potion of degeneration {unknown}
 l - 2 potions of lignification {unknown}
 p - a potion of resistance {unknown}
 q - a potion of heal wounds {unknown}
 r - 4 potions of attraction {unknown}
 t - a potion of haste {unknown}
 w - a potion of ambrosia {unknown}
 x - a potion of invisibility {unknown}
 B - 2 potions of magic {unknown}


   Skills:
 - Level 2.6 Fighting
 - Level 0.5(0.8) Short Blades
 - Level 0.6(0.8) Long Blades
 - Level 0.4(0.7) Axes
 - Level 0.4(0.9) Maces & Flails
 - Level 0.4(0.8) Polearms
 - Level 0.5(0.8) Staves
 - Level 0.4(0.5) Slings
 - Level 0.4 Bows
 - Level 0.4 Crossbows
 - Level 0.6(0.9) Throwing
 - Level 0.5 Armour
 + Level 5.7 Dodging
 + Level 4.0 Stealth
 - Level 0.5 Shields
 - Level 10.0 Unarmed Combat
 - Level 0.3 Spellcasting
 - Level 0.4 Conjurations
 - Level 0.4 Hexes
 - Level 0.5 Summonings
 - Level 0.7 Necromancy
 - Level 0.4 Translocations
 - Level 0.4 Transmutations
 - Level 0.5 Fire Magic
 - Level 0.6 Ice Magic
 + Level 4.1 Air Magic
 - Level 0.6 Earth Magic
 + Level 4.5 Poison Magic
 - Level 1.1 Invocations
 - Level 0.4 Evocations


You had 7 spell levels left.
You knew the following spells:

 Your Spells              Type           Power      Damage    Failure   Level
a - Poisonous Vapours     Pois/Air       16%        N/A       2%          2

Your spell library contained the following spells:

 Spells                   Type           Power      Damage    Failure   Level
 Lightning Bolt           Conj/Air       2%         1d13      69%         5
 Ignite Poison            Fire/Tmut/Pois 3%         N/A       16%         3
 Spider Form              Tmut/Pois      2%         N/A       38%         3
 Ensorcelled Hibernation  Hex/Ice        2%         N/A       43%         2
 Fulminant Prism          Conj/Hex       0%         3d6       58%         4
 Ozocubu's Armour         Ice            1%         N/A       65%         3
 Metabolic Englaciation   Hex/Ice        0%         N/A       100%        5
 Simulacrum               Ice/Necr       0%         N/A       100%        6
 Discord                  Hex            0%         N/A       100%        8


Dungeon Overview and Level Annotations

Branches:
Dungeon (9/15)             Temple (0/1) D:6           Sewer (visited)
   Lair: D:8-11         Orc: D:9-12

Altars:
Dithmenos
Elyvilon
Kikubaaqudgha
Makhleb
Nemelex Xobeh
Sif Muna
Trog
Uskayaw
Vehumet
Wu Jian
Xom
Zin

Shops:
D:8 *(*=?


Innate Abilities, Weirdness & Mutations

You are too large for most types of armour.
You have claws for hands.
Your natural rate of healing is unusually fast.
You are covered in fur. (AC +1)
You have tough skin. (AC +1)


Message History

A two-headed ogre is nearby!
A two-headed ogre is nearby!
You see here the elephant slug corpse of Gastronok.
You barely miss the two-headed ogre.
The two-headed ogre shouts in stereo!
The two-headed ogre hits you with a +0 great mace!
The two-headed ogre hits you with a +0 giant club!!
You are too injured to fight recklessly!
You are too injured to fight recklessly!
There is a stone staircase leading down here.
You see here a +0 dagger.
The orc priest shouts!
The orc priest hits you but does no damage.
You see here 23 bolts.
You scratch the two-headed ogre but do no damage.
The two-headed ogre hits you with a +0 great mace!
The two-headed ogre hits you with a +0 giant club!!
You scratch the two-headed ogre. You claw the two-headed ogre!
The two-headed ogre is lightly wounded.
You scratch the two-headed ogre but do no damage.
The two-headed ogre is lightly wounded.
The orc priest looks encouraged for a moment.
The two-headed ogre hits you with a +0 great mace.
The two-headed ogre hits you with a +0 giant club!!
You barely miss the two-headed ogre.
The two-headed ogre is lightly wounded.
You scratch the two-headed ogre.
The two-headed ogre is moderately wounded.
The two-headed ogre barely misses you.
The two-headed ogre hits you but does no damage.
You see here a +0 dagger.
The two-headed ogre hits you with a +0 great mace!
The two-headed ogre hits you with a +0 giant club!
The orc priest mumbles some strange prayers to Beogh against you.
Beogh smites you!
* * * LOW HITPOINT WARNING * * *
The two-headed ogre hits you with a +0 great mace!!
* * * LOW HITPOINT WARNING * * *
The two-headed ogre hits you with a +0 giant club!
You die...

#...# #...# ##...#
###### #####....#
#..... ##........#
#.....#
####..#####.##
.##.....# ###....##
#.# ........#
#......# #.#
##......######O@....#
#.#
..........o.....##.##
#.#
.......).#########.#
#.# ##......# ##.#
#.# #......# #..# #.#
####....o## #(## #.#
..........#### #.#
#.# ..[.####...o.###
#o# #.# ....#
##.##...###O# #(#


You could see a two-headed ogre and an orc priest.

Vanquished Creatures
  Gastronok (D:9)
  The ghost of TimeIsEndless the Fighter, a novice OgWr of Dithmenos (D:5)
  An elephant (D:8)
  A troll (D:9)
  Sigmund (D:6)
  A wraith (D:9)
  Eustachio (D:6)
  A steam dragon (D:9)
  2 basilisks
  Menkaure (D:6)
  Edmund (D:6)
  An acid dragon (D:8)
  A water moccasin (D:6)
  Duvessa (D:5)
  2 ice beasts (D:5)
  2 orc warriors
  2 sky beasts
  A hornet zombie (D:7)
  3 ogres
  3 centaurs (D:8)
  5 kobold brigands
  Blork the orc (D:5)
  A bullfrog (D:8)
  4 scorpions
  Dowan (D:5)
  8 killer bees (D:8)
  3 wights (D:8)
  5 howler monkeys
  A crimson imp (D:7)
  A jelly (D:5)
  A bullfrog zombie (D:5)
  2 orc priests (D:9)
  4 hounds
  Crazy Yiuf (D:5)
  2 bullfrog skeletons
  2 centaur skeletons
  A gnoll shaman (D:7)
  Jessica (D:2)
  An iguana (D:5)
  3 orc wizards
  3 killer bee zombies
  5 gnolls
  A river rat (Sewer)
  11 adders
  A shadow imp (D:8)
  2 white imps (D:6)
  An ufetubus (D:2)
  An adder zombie (D:5)
  3 worms
  3 dart slugs
  23 orcs
  7 bats
  7 endoplasms
  9 giant cockroaches
  13 goblins
  10 hobgoblins
  4 jackals (D:5)
  7 quokkas
  9 ball pythons
  A ball python zombie (D:3)
  6 frilled lizards
  A jackal zombie (D:3)
  25 kobolds
  10 rats
239 creatures vanquished.

Vanquished Creatures (others)
  A fungus (D:5)
  A withered plant (D:3)
2 creatures vanquished.

Grand Total: 241 creatures vanquished

Notes
Turn   | Place    | Note
-------+----------+-------------------------------------------
     0 | D:1      | Malachi the Troll Monk began the quest for the Orb.
     0 | D:1      | Reached XP level 1. HP: 22/22 MP: 0/0
    86 | D:1      | Reached XP level 2. HP: 29/29 MP: 1/1
   141 | D:1      | Found a faded altar of an unknown god.
   158 | D:1      | Became a worshipper of Vehumet
   158 | D:1      | Reached * piety under Vehumet
   158 | D:1      | Offered knowledge of Shock by Vehumet.
   158 | D:1      | Reached ** piety under Vehumet
   196 | D:1      | Reached *** piety under Vehumet
   246 | D:1      | Reached XP level 3. HP: 35/36 MP: 2/2
   414 | D:2      | Offered knowledge of Poisonous Vapours by Vehumet.
   418 | D:2      | Learned a level 2 spell: Poisonous Vapours
   448 | D:2      | Offered knowledge of Frozen Ramparts by Vehumet.
   511 | D:2      | Reached skill level 4 in Unarmed Combat
   731 | D:2      | Offered knowledge of Ignite Poison by Vehumet.
   732 | D:2      | Reached XP level 4. HP: 44/44 MP: 3/3
   788 | D:2      | Noticed Jessica
   792 | D:2      | Killed Jessica
  1170 | D:3      | Reached skill level 5 in Unarmed Combat
  1253 | D:3      | Found a glowing drain.
  1258 | Sewer    | Entered a sewer
  1279 | Sewer    | Reached XP level 5. HP: 50/50 MP: 4/4
  1341 | Sewer    | Reached **** piety under Vehumet
  1403 | Sewer    | Reached skill level 6 in Unarmed Combat
  1409 | Sewer    | Reached XP level 6. HP: 49/59 MP: 5/5
  1554 | Sewer    | Reached skill level 7 in Unarmed Combat
  1663 | D:3      | Offered knowledge of Iskenderun's Battlesphere by Vehumet.
  1713 | D:3      | Found a sparkling altar of Nemelex Xobeh.
  1842 | D:3      | Found a white marble altar of Elyvilon.
  2012 | D:3      | Found a shimmering altar of Xom.
  2086 | D:3      | Found an ancient bone altar of Kikubaaqudgha.
  2598 | D:4      | Reached XP level 7. HP: 59/66 MP: 6/6
  2765 | D:4      | Reached skill level 8 in Unarmed Combat
  3437 | D:5      | Entered Level 5 of the Dungeon
  3523 | D:5      | Reached skill level 9 in Unarmed Combat
  3613 | D:5      | Reached XP level 8. HP: 67/74 MP: 7/7
  3639 | D:5      | Found a shadowy altar of Dithmenos.
  3787 | D:5      | Reached skill level 10 in Unarmed Combat
  3836 | D:5      | Found a glowing silver altar of Zin.
  3950 | D:5      | Noticed TimeIsEndless's ghost (novice OgWr)
  3953 | D:5      | Found a runed translucent door.
  3963 | D:5      | Noticed Blork the orc
  3978 | D:5      | Killed Blork the orc
  4022 | D:5      | Killed TimeIsEndless's ghost
  4023 | D:5      | Reached skill level 1 in Invocations
  4221 | D:5      | Reached ***** piety under Vehumet
  4247 | D:5      | Noticed Duvessa
  4247 | D:5      | Noticed Dowan
  4262 | D:5      | Killed Duvessa
  4263 | D:5      | Reached skill level 1 in Poison Magic
  4263 | D:5      | Reached XP level 9. HP: 33/80 MP: 8/8
  4267 | D:5      | Killed Dowan
  4267 | D:5      | Offered knowledge of Iskenderun's Mystic Blast by Vehumet.
  4268 | D:5      | Reached skill level 1 in Air Magic
  4835 | D:5      | Found a bloodstained altar of Trog.
  5252 | D:5      | Found a runed translucent door.
  5253 | D:5      | Noticed Crazy Yiuf
  5262 | D:5      | Killed Crazy Yiuf
  5332 | D:6      | Noticed Edmund
  5338 | D:6      | Killed Edmund
  5380 | D:6      | Found a hide-covered altar of Uskayaw.
  5446 | D:6      | Found a shimmering blue altar of Sif Muna.
  5456 | D:6      | Noticed Menkaure
  5462 | D:6      | Killed Menkaure
  5553 | D:6      | Found a staircase to the Ecumenical Temple.
  5600 | D:6      | Found an ornate altar of the Wu Jian Council.
  5662 | D:6      | Identified the +1 pair of gloves of Dishonour {Str+3}
  5717 | D:6      | Noticed Sigmund
  5723 | D:6      | Killed Sigmund
  5857 | D:6      | Noticed Eustachio
  5867 | D:6      | Killed Eustachio
  6125 | D:7      | Found a burning altar of Makhleb.
  6661 | D:8      | Found Tekhuos's Weapon Shoppe.
  6790 | D:8      | Found Deoxiwk's Jewellery Shop.
  6856 | D:8      | Reached XP level 10. HP: 49/88 MP: 9/9
  6858 | D:8      | Got Erajony's Reference Book on Bewitching Poisoning
  6994 | D:8      | Found Xofo's General Store.
  7078 | D:8      | Bought a potion of curing for 42 gold pieces
  7091 | D:8      | Found Ytzoiwol's General Store.
  7242 | D:8      | Found Cuetso Qaoxt's Magic Scroll Emporium.
  7546 | D:9      | Noticed an elephant
  7598 | D:8      | Killed an elephant
  7599 | D:8      | Reached skill level 5 in Dodging
  7680 | D:9      | Offered knowledge of Lightning Bolt by Vehumet.
  7880 | D:9      | Noticed Gastronok
  7898 | D:9      | Killed Gastronok
  7911 | D:9      | Noticed a two-headed ogre
  7997 | D:9      | Mangled by a two-headed ogre

Illustrated notes

Levels and vault maps discovered:
D:1:      lightli_arrival_quake, layout_rooms, basic_ecumenical_altar
D:2:      layout_basic, chequers_serial_rivers_micro_d, uniq_jessica
D:3:      layout_basic, lemuel_crystal_altar, mainiacjoe_overflow_24_doors,
          mainiacjoe_overflow_small_starburst, general_overflow_altar,
          gup_sewer_entry_bowl, serial_undead, serial_undead_b, serial_undead_d,
          serial_undead_f, serial_undead_f, hangedman_decor_peaks_small
D:4:      cheibrodos_greedy_goblins, layout_loops_corners, eino_tiny_chamber
D:5:      layout_layer_cave, nicolae_overflow_crystal_walls, trog_antimagical,
          mainiacjoe_overflow_cross_hatched, hellmonk_ghost_happy_afterlife,
          minmay_misc_feat_cross, palyth_stone_intersect, uniq_duvessa,
          uniq_crazy_yiuf_cottage, uniq_blork_the_orc
D:6:      layout_gridville, mainiacjoe_overflow_six_doors_small,
          overflow_temple_1_default, mainiacjoe_overflow_tiny_flanked,
          minmay_temple_entry_hall, grunt_decor_resistance, uniq_menkaure,
          uniq_edmund, uniq_eustachio, uniq_sigmund
D:7:      layout_basic, makhleb_grotto_becter, grunt_ministairs_14
D:8:      layout_loops_ring, serial_shops, shop_statue, shop, shop,
          nicolae_shop_statue_plus, shop, hangedman_decor_push
D:9:      layout_rooms, nicolae_hepliaklqana_ecumenical_no_more,
          old_standard_altar, david_lair_generic, uniq_pikel, uniq_gastronok

Skill      XL: |  1  2  3  4  5  6  7  8  9 10 |
---------------+-------------------------------+-----
Unarmed Combat | 4 5 6 7 9 10 | 10.0
Invocations    | 1 |  1.1
Poison Magic   | 1 3 4 |  4.5
Dodging        | 4 5 |  5.7
Air Magic      | 2 4 |  4.1
Stealth        | 2 4 |  4.0
Fighting       | |  2.6
Short Blades   | |  0.5
Long Blades    | |  0.6
Axes           | |  0.4
Maces & Flails | |  0.4
Polearms       | |  0.4
Staves         | |  0.5
Slings         | |  0.4
Bows           | |  0.4
Crossbows      | |  0.4
Throwing       | |  0.6
Armour         | |  0.5
Shields        | |  0.5
Spellcasting   | |  0.3
Conjurations   | |  0.4
Hexes          | |  0.4
Summonings     | |  0.5
Necromancy     | |  0.7
Translocations | |  0.4
Transmutations | |  0.4
Fire Magic     | |  0.5
Ice Magic      | |  0.6
Earth Magic    | |  0.6
Evocations     | |  0.4

Action                   |  1- 3 |  4- 6 |  7- 9 | 10-12 || total
-------------------------+-------+-------+-------+-------++-------
Melee: Unarmed           |   100 |   181 |   325 |   141 ||   747
       Punch             |     1 |     3 |    17 |     3 ||    24
 Cast: Poisonous Vapours |       |       |     4 |     7 ||    11
  Use: Scroll            |       |     5 |     3 |       ||     8
 Stab: Sleeping          |     3 |     6 |    13 |     2 ||    24
Armor: Robe              |    36 |    43 |    75 |    43 ||   197
       Steam dragon scal |       |       |       |     3 ||     3
Dodge: Dodged            |    52 |    68 |   145 |    93 ||   358

Table legend: (Time is in decaauts)
 A = Elapsed time spent in this place.
 B = Non-inter-level travel time spent in this place.
 C = Inter-level travel time spent in this place.
 D = Time resting spent in this place.
 E = Time spent auto-exploring this place.
 F = Levels seen in this place.
 G = Mean time per level.
                   A        B        C        D        E       F      G
               +--------+--------+--------+--------+--------+-----+--------+
         Total |   7977 |   7705 |    272 |    347 |   5504 |  10 |  797.7 |
       Dungeon |   7546 |   7274 |    272 |    347 |   5251 |   9 |  838.4 |
         Sewer |    430 |    430 |      0 |      0 |    253 |   1 |  430.0 |
               +--------+--------+--------+--------+--------+-----+--------+

Top non-repeatable levels by time:
     D:5: 1876 daAuts
     D:3: 982 daAuts
     D:8: 939 daAuts
     D:4: 933 daAuts
     D:2: 785 daAuts
     D:7: 675 daAuts
     D:6: 616 daAuts
   Sewer: 430 daAuts
     D:9: 386 daAuts
     D:1: 352 daAuts
